 Dungeon Crawl Stone Soup version 0.30-a0-297-g0ec75d9ef4 (webtiles) character file.

Game seed: 3485526459171230894

54 gruber the Chiller (level 3, -4/22 HPs)
             Began as an Octopode Ice Elementalist on Oct 18, 2022.
             Slain by an orc
             ... wielding a +2 flail of protection
              (6 damage)
             ... on level 3 of the Dungeon.
             The game lasted 00:02:23 (1741 turns).

gruber the Chiller (Octopode Ice Elementalist)      Turns: 1741, Time: 00:02:24

Health: -4/22      AC:  1    Str:  7    XL:     3   Next: 91%
Magic:  6/6        EV: 13    Int: 19    God:
Gold:   70         SH:  0    Dex: 12    Spells: 2/6 levels left

rFire   . . .      SeeInvis .    d - +0 dagger
rCold   . . .      Faith    .    (no shield)
rNeg    . . .      Spirit   .    (helmet restricted)
rPois   .          Reflect  .    (no amulet)
rElec   .          Harm     .    (no ring)
rCorr   .          Rampage  .    (no ring)
Will    .....                    (no ring)
Stlth   +++.......               (no ring)
HPRegen 0.23/turn                (no ring)
MPRegen 0.10/turn                (no ring)
                                 (no ring)
                                 (no ring)

@: no status effects
A: almost no armour, amphibious, 8 rings, camouflage 1, gelatinous body 1,
(nimble swimmer 1), tentacles
a: no special abilities


You were on level 3 of the Dungeon.
You visited 1 branch of the dungeon, and saw 3 of its levels.

You collected 70 gold pieces.

Inventory:

Hand Weapons
 d - a +0 dagger (weapon)
Wands
 l - a wand of mindburst (7)
Scrolls
 b - a scroll of torment {unknown}
 c - 3 scrolls of identify {unknown}
 f - 3 scrolls of teleportation {unknown}
 i - a scroll of amnesia {unknown}
 k - a scroll of fear {unknown}
 m - a scroll of enchant armour {unknown}
Potions
 a - 2 potions of magic
 e - a potion of invisibility {unknown}
 g - 2 potions of lignification {unknown}
 h - 4 potions of curing {unknown}
 j - a potion of might {unknown}


   Skills:
 - Level 0.3 Fighting
 - Level 0.4 Short Blades
 - Level 2.5 Dodging
 - Level 3.1 Stealth
 - Level 0.2 Unarmed Combat
 - Level 2.2 Spellcasting
 + Level 4.6 Ice Magic


You had 2 spell levels left.
You knew the following spells:

 Your Spells              Type           Power      Damage    Failure   Level
a - Freeze                Ice            76%        1d8       2%          1
b - Frozen Ramparts       Ice            38%        1d6       8%          3

Your spell library contained the following spells:

 Spells                   Type           Power      Damage    Failure   Level
 Ozocubu's Armour         Ice            19%        N/A       8%          3
 Summon Ice Beast         Ice/Summ       10%        N/A       54%         4


Dungeon Overview and Level Annotations

Branches:
Dungeon (3/15)

Altars:

Annotations:
D:3 Ijyb


Innate Abilities, Weirdness & Mutations

You cannot wear most types of armour.
You are amphibious.
You can wear up to eight rings at the same time.
Your skin changes colour to match your surroundings (Stealth+).
Your rubbery body absorbs attacks. (AC +1, EV +1)
((You are camouflaged when in or above water. (Stealth+)))
You have tentacles for arms and can constrict up to eight enemies at once.


Message History

No target in view!
No target in view!
No target in view!
No target in view!
No target in view!
No target in view!
No target in view!
No target in view!
No target in view!
Found a stone staircase leading down.
An orc comes into view.
It is wielding a +2 flail of protection.
The orc moves out of view.
An orc is nearby!
The orc completely misses you.
You hit the orc but do no damage. You grab the orc.
You constrict the orc, but do no damage.
The orc hits you with a +2 flail of protection!
You hit the orc.
The orc is heavily wounded.
You constrict the orc, but do no damage.
The orc misses you.
You hit the orc but do no damage.
The orc is heavily wounded.
You constrict the orc, but do no damage.
The orc hits you with a +2 flail of protection.
You are too injured to fight recklessly!
You hit the orc but do no damage.
The orc is heavily wounded.
You constrict the orc, but do no damage.
The orc barely misses you.
You hit the orc but do no damage.
The orc is heavily wounded.
You constrict the orc.
The orc hits you with a +2 flail of protection.
* * * LOW HITPOINT WARNING * * *
You hit the orc but do no damage. You squeeze the orc, but do no damage.
The orc is almost dead.
You constrict the orc, but do no damage.
The orc hits you with a +2 flail of protection.
You die...

... #'# #.#
######.####
#.........#
#.###...#.#
#.##......####.#
#.#...#.....>..#
#@....###.######
......o....####.#
####......##....#
#.#...##..####
#....##...#
....##....#
######.....#
#####....#.#
#######
####...#...##.#
#.. ..#


You could see an orc.

Vanquished Creatures
  An adder (D:2)
  2 worms (D:2)
  A dart slug (D:2)
  An orc (D:3)
  4 endoplasms
  A giant cockroach (D:3)
  5 goblins
  3 hobgoblins
  3 quokkas
  3 ball pythons (D:1)
  3 bats
  2 frilled lizards
  A kobold (D:1)
  3 rats (D:1)
33 creatures vanquished.

Notes
Turn   | Place    | Note
-------+----------+-------------------------------------------
     0 | D:1      | gruber the Octopode Ice Elementalist began the quest for
                  | the Orb.
     0 | D:1      | Reached XP level 1. HP: 11/11 MP: 3/3
   138 | D:1      | Reached XP level 2. HP: 15/17 MP: 5/5
   184 | D:1      | Found a faded altar of an unknown god.
   853 | D:2      | Reached XP level 3. HP: 14/21 MP: 6/6
   906 | D:2      | Learned a level 3 spell: Frozen Ramparts
  1456 | D:3      | Noticed Ijyb
  1741 | D:3      | Slain by an orc

Illustrated notes

Levels and vault maps discovered:
D:1:      ncdulo_lavacross, layout_basic, shapermc_ecumenical_altar_flowoftime
D:2:      layout_rooms, minivault_24
D:3:      layout_loops_corners, serial_shops, shop, nrook_mini_backslash,
          nrook_mini_vaults, uniq_ijyb

Skill      XL: |  1  2  3 |
---------------+----------+-----
Stealth        | 3 |  3.1
Fighting       | |  0.3
Short Blades   | |  0.4
Dodging        | |  2.5
Unarmed Combat | |  0.2
Spellcasting   | |  2.2
Ice Magic      | |  4.6

Action                   || total
-------------------------++-------
Melee: Unarmed           ||     9
       Constrict         ||    17
       Tentacles         ||    11
       Dagger            ||    64
       Punch             ||     3
 Cast: Freeze            ||    10
       Frozen Ramparts   ||     1
 Stab: Sleeping          ||     5
Armor: Skin              ||     1
Dodge: Dodged            ||    47

Table legend: (Time is in decaauts)
 A = Elapsed time spent in this place.
 B = Non-inter-level travel time spent in this place.
 C = Inter-level travel time spent in this place.
 D = Time resting spent in this place.
 E = Time spent auto-exploring this place.
 F = Levels seen in this place.
 G = Mean time per level.
                   A        B        C        D        E       F      G
               +--------+--------+--------+--------+--------+-----+--------+
         Total |   1740 |   1636 |    104 |      0 |   1314 |   3 |  580.0 |
       Dungeon |   1740 |   1636 |    104 |      0 |   1314 |   3 |  580.0 |
               +--------+--------+--------+--------+--------+-----+--------+

Top non-repeatable levels by time:
     D:1: 835 daAuts
     D:2: 594 daAuts
     D:3: 310 daAuts
